 Dungeon Crawl Stone Soup version 0.27.1-35-g4d5d836560 (webtiles) character file.

Game seed: 10005239168367847782

6360 tkbsonic5 the Prestidigitator (level 10, -17/88 (92) HPs)
             Began as a Deep Dwarf Hunter on Jan 2, 2023.
             Was an Initiate of Gozag.
             Demolished by a two-headed ogre (18 damage)
             ... on level 9 of the Dungeon.
             The game lasted 00:57:05 (8116 turns).

tkbsonic5 the Prestidigitator (Deep Dwarf Hunter)   Turns: 8116, Time: 00:57:05

HP:   -17/88 (92)   AC: 13    Str: 18    XL:     10   Next: 65%
MP:   6/6           EV:  9    Int: 11    God:    Gozag
Gold: 875           SH:  5    Dex: 13    Spells: 9/9 levels left

rFire    . . .     SeeInvis .   e - +4 battleaxe (vamp)
rCold    . . .     Faith    .   (shield currently unavailable)
rNeg     . . .     Spirit   .   s - +0 chain mail
rPois    +         Reflect  +   g - +0 helmet
rElec    .         Harm     .   j - scarf {+Inv}
rCorr    .         Rampage  .   n - +1 pair of gloves
Will     +....                  (no boots)
Stlth    ..........             w - amulet of reflection
HPRegen  0.00/turn              l - +4 ring of slaying
MPRegen  0.10/turn              D - ring of poison resistance

@: studying Short Blades, lightly drained
A: damage resistance, heal wounds, sense surroundings 2, no regeneration, weak
1, evolution 1, subdued magic 1
a: Heal Wounds, Renounce Religion, Evoke Invisibility, Potion Petition, Call
Merchant, Bribe Branch


You were on level 9 of the Dungeon.
You worshipped Gozag.
Gozag was pleased with you.
You visited 2 branches of the dungeon, and saw 11 of its levels.

You collected 2005 gold pieces.
You spent 622 gold pieces at shops.
You paid 508 gold pieces to Gozag.

Inventory:

Hand Weapons
 a - a +2 hand crossbow
 d - a +3 flail
 e - a +4 vampiric battleaxe (weapon)
 k - a +2 hand axe of flaming
 q - a +0 hunting sling
 z - the +4 spear "Nounaar" {vorpal, rF- rC+++ Int-2}
   (You found it on level 7 of the Dungeon)

   It inflicts extra damage upon your enemies.
   Int:       It affects your intelligence (-2).
   rF:        It makes you vulnerable to fire.
   rC:        It renders you almost immune to cold.
Missiles
 h - 195 arrows
 p - 13 bolts
 r - 8 sling bullets
Armour
 c - a +0 leather armour
 f - a +0 ring mail
 g - a +0 helmet (worn)
 j - a scarf of invisibility (worn)
 n - a +1 pair of gloves (worn)
 s - a +0 chain mail (worn)
 t - a +0 scale mail of fire resistance
Magical Staves
 i - a staff of fire
 E - a staff of poison
Jewellery
 l - a +4 ring of slaying (left hand)
 m - a ring of ice
 w - an amulet of reflection (around neck)
 D - a ring of poison resistance (right hand)
Wands
 y - a wand of acid (5)
 C - a wand of digging (2)
Scrolls
 b - a scroll of blinking
 o - 2 scrolls of amnesia
 u - 2 scrolls of magic mapping
 B - 3 scrolls of teleportation
Potions
 v - a potion of brilliance
 x - a potion of resistance
 A - a potion of flight
 F - a potion of curing


   Skills:
 * Level 6.9 Fighting
 - Level 1.3 Short Blades
 * Level 7.2(7.8) Axes
 - Level 4.0(5.9) Maces & Flails
 - Level 4.1 Slings
 + Level 6.3 Crossbows
 + Level 5.4 Armour
 + Level 5.9 Dodging
 - Level 2.9 Stealth
 * Level 9.5 Evocations


You had 9 spell levels left.
You didn't know any spells.
Your spell library contained the following spells:

 Spells                   Type           Power      Damage    Failure   Level
 Dazzling Flash           Conj/Hex       0%         N/A       100%        3
 Agony                    Necr           0%         N/A       100%        5
 Silence                  Hex/Air        0%         N/A       100%        5


Dungeon Overview and Level Annotations

Branches:
Dungeon (10/15)            Temple (1/1) D:5            Lair (0/6) D:8
    Orc: D:9-12

Altars:
Ashenzari
Cheibriados
Dithmenos
Elyvilon
Fedhas
Gozag
Hepliaklqana
Kikubaaqudgha
Makhleb
Nemelex Xobeh
Okawaru
Qazlal
Ru
Sif Muna
Trog
Uskayaw
Vehumet
Wu Jian
Xom
Yredelemnul
Zin

Shops:
D:6 (

Annotations:
D:7 2 transporters, AverageBear's ghost, novice DDFi


Innate Abilities, Weirdness & Mutations

You are resistant to damage.
You can heal yourself by infusing magical energy.
You passively map the area around you.
You do not regenerate.
You are weak. (Str -2)
You evolve.
Your spells are a little easier to cast, but a little less powerful.


Message History

There is an open door here.
You open the door.
There is an open door here.
Found a scale mail.
You see here a +0 scale mail.
Done exploring.
(D) Dungeon (T) Temple (L) Lair
Where to? (Enter - D:9, ? - help)
What level of the Dungeon? (default 1, ? - help)
There is a stone staircase leading down here.
You climb downwards.
Found a chain mail.
There is a stone staircase leading up here.
Found 14 gold pieces.
A two-headed ogre comes into view. It is wielding two +0 giant clubs.
The two-headed ogre shouts in stereo!
Okay, then.
There is a stone staircase leading up here.
Okay, then.
You can't go down here!
The two-headed ogre barely misses you.
The two-headed ogre hits you with a +0 giant club!
You climb upwards.
There is a stone staircase leading down here.
You slash the two-headed ogre!
The two-headed ogre is lightly wounded.
The two-headed ogre hits you but does no damage.
The two-headed ogre hits you with a +0 giant club!
You slice the two-headed ogre!!
You feel better.
The two-headed ogre is heavily wounded.
The two-headed ogre hits you with a +0 giant club!!
The two-headed ogre hits you with a +0 giant club!
* * * LOW HITPOINT WARNING * * *
You fail to use your ability.
You fail to use your ability.
The two-headed ogre hits you with a +0 giant club!!
* * * LOW HITPOINT WARNING * * *
The two-headed ogre hits you with a +0 giant club!!
You die...
Your body crumbles into a pile of gold.

##################
#.................
#......###########
#.####.#
#.####)###########
#@O...............
#.###..##.###.###.
#...#.....#...# #.
#.........#.### #.
#.#.#.#...#.#####.
#.#.#.#.#.#.......
#.#.#.#.##########
#...#.#....[......
#..##.############


You could see a two-headed ogre.

Vanquished Creatures
  A two-headed ogre (D:8)
  A troll (D:9)
  Sigmund (D:6)
  A wraith (D:9)
  7 yaks
  2 wyverns
  2 acid dragons
  3 water moccasins
  A necrophage (D:5)
  A sky beast (D:8)
  An ice beast (D:6)
  7 orc warriors
  A black bear (D:5)
  An ogre (D:5)
  A centaur (D:8)
  A kobold brigand (D:9)
  3 bullfrogs
  2 gnoll sergeants
  2 scorpions
  6 wights (D:8)
  A killer bee (D:7)
  2 centaur zombies
  2 jellies (D:5)
  A hound (D:4)
  2 centaur skeletons (D:7)
  10 orc priests
  A gnoll shaman (D:7)
  Terence (D:3)
  An iguana (D:5)
  6 orc wizards
  A howler monkey zombie (D:7)
  4 adders
  9 gnolls
  A howler monkey skeleton (D:6)
  A white imp (D:6)
  2 ufetubi (D:5)
  3 dart slugs
  33 orcs
  4 ball pythons
  4 bats
  4 endoplasms
  2 giant cockroaches
  7 goblins
  3 hobgoblins
  6 jackals
  12 kobolds
  3 quokkas
  3 frilled lizards
  7 rats
181 creatures vanquished.

Vanquished Creatures (collateral kills)
  2 wights (D:8)
  2 gnolls (D:8)
  An orc (D:8)
5 creatures vanquished.

Vanquished Creatures (others)
  A gnoll (D:8)
  An orc (D:5)
  A kobold (D:9)
3 creatures vanquished.

Grand Total: 189 creatures vanquished

Notes
Turn   | Place    | Note
-------+----------+-------------------------------------------
     0 | D:1      | tkbsonic5 the Deep Dwarf Hunter began the quest for the
                  | Orb.
     0 | D:1      | Reached XP level 1. HP: 19/19 MP: 1/1
   131 | D:1      | Found a faded altar of an unknown god.
   148 | D:1      | Reached XP level 2. HP: 26/26 MP: 2/2
   502 | D:1      | Reached skill level 1 in Evocations
   822 | D:2      | Reached XP level 3. HP: 27/32 MP: 3/3
  2271 | D:3      | Reached skill level 5 in Crossbows
  2555 | D:3      | Noticed Terence
  2567 | D:3      | Killed Terence
  2568 | D:3      | Reached skill level 2 in Evocations
  2568 | D:3      | Reached XP level 4. HP: 13/39 MP: 4/4
  2585 | D:3      | Reached skill level 1 in Short Blades
  2747 | D:3      | Reached XP level 5. HP: 25/46 MP: 5/5
  3329 | D:4      | Reached skill level 1 in Maces & Flails
  3329 | D:4      | Reached skill level 1 in Armour
  3329 | D:4      | Reached skill level 3 in Evocations
  3476 | D:4      | Noticed an orc warrior
  3522 | D:4      | Killed an orc warrior
  3523 | D:4      | Reached XP level 6. HP: 37/56 MP: 4/4
  3609 | D:4      | Found a sand-covered staircase.
  4078 | D:5      | Entered Level 5 of the Dungeon
  4099 | D:5      | Reached skill level 1 in Axes
  4099 | D:5      | Reached skill level 4 in Evocations
  4099 | D:5      | Reached XP level 7. HP: 62/62 MP: 5/5
  4176 | D:5      | Found a staircase to the Ecumenical Temple.
  4185 | Temple   | Entered the Ecumenical Temple
  4237 | Temple   | Became a worshipper of Gozag Ym Sagoz the Greedy
  4411 | D:5      | Identified a scroll of acquirement
  4411 | D:5      | Acquired 668 gold pieces
  4517 | D:5      | Reached skill level 5 in Evocations
  5102 | D:6      | Reached XP level 8. HP: 64/72 MP: 5/5
  5234 | D:6      | Noticed Sigmund
  5258 | D:5      | Reached skill level 6 in Evocations
  5313 | D:6      | Killed Sigmund
  5372 | D:6      | Bought a +4 vampiric battleaxe for 622 gold pieces
  5743 | D:7      | Reached skill level 5 in Fighting
  5759 | D:7      | Reached skill level 1 in Slings
  5813 | D:7      | Identified the +4 spear "Nounaar" {vorpal, rF- rC+++ Int-2}
  5840 | D:7      | Gained mutation: You passively map the area around you.
                  | [Deep Dwarf growth]
  5840 | D:7      | Reached XP level 9. HP: 68/81 MP: 6/6
  5851 | D:7      | Reached skill level 7 in Evocations
  5935 | D:7      | Reached skill level 5 in Axes
  5997 | D:7      | Found a transporter.
  5998 | D:7      | Noticed AverageBear's ghost (novice DDFi)
  6047 | D:7      | Found a transporter.
  6501 | D:8      | Reached skill level 5 in Dodging
  6501 | D:8      | Reached skill level 8 in Evocations
  6618 | D:8      | Gained mutation: You are weak. (Str -2) [potion of
                  | mutation]
  6618 | D:8      | Gained mutation: You evolve. [potion of mutation]
  6628 | D:8      | Gained mutation: Your spells are a little easier to cast,
                  | but a little less powerful. [potion of mutation]
  6841 | D:8      | Reached XP level 10. HP: 87/91 MP: 6/6
  6887 | D:8      | Found a staircase to the Lair.
  6901 | D:8      | Noticed a two-headed ogre
  6909 | D:8      | Killed a two-headed ogre
  6910 | D:8      | Reached skill level 5 in Armour
  6910 | D:8      | Reached skill level 9 in Evocations
  7524 | D:9      | Noticed a two-headed ogre
  8081 | D:10     | Entered Level 10 of the Dungeon
  8098 | D:10     | Noticed a two-headed ogre
  8116 | D:9      | HP: 1/88 [two-headed ogre (24)]
  8116 | D:9      | Demolished by a two-headed ogre

Illustrated notes

Levels and vault maps discovered:
D:1:      amcnicky_arrival_abandoned_market, layout_basic,
          hellmonk_ecumenical_altar_blasted, minivault_11
D:2:      layout_basic
D:3:      layout_basic, serial_glass, glass_columns_a, glass_columns_c,
          minmay_starry_boxes, uniq_terence
D:4:      cheibrodos_pilgrimage, layout_basic,
          lightli_ossuary_entry_decrepit_ruins, hangedman_abyss_or_decor_passed
D:5:      layout_loops_ring, minmay_temple_entry_statues_pillars
D:6:      layout_cave_pools, uniq_sigmund
D:7:      layout_cave_pools, gammafunk_ghost_mausoleum, mrwooster_statue_mirror,
          minmay_misc_feat_pillars, minmay_manual_moon
D:8:      layout_loops_ring, lair_entry_dummy
D:9:      layout_basic, st_stairs_10
D:10:     cheibrodos_barr_body, layout_rooms, tso_oasis_becter, david_orc_2,
          ebering_ghost_gozag, hangedman_decor_peaks_small,
          serial_bayou_lagoon_a, kennysheep_generic_room_3
Temple:   kilobyte_greek_temple

Skill      XL: |  1  2  3  4  5  6  7  8  9 10 |
---------------+-------------------------------+-----
Stealth        | 2 |  2.9
Fighting       | 2 3 4 5 6 |  6.9
Evocations     | 1 2 3 4 5 6 8 9 |  9.5
Crossbows      | 5 6 |  6.3
Short Blades   | 1 |  1.3
Maces & Flails | 1 2 3 4 |  4.0
Armour         | 1 2 3 4 5 |  5.4
Axes           | 1 3 4 6 7 |  7.2
Dodging        | 3 4 5 |  5.9
Slings         | 1 3 4 |  4.1

Action                   |  1- 3 |  4- 6 |  7- 9 | 10-12 || total
-------------------------+-------+-------+-------+-------++-------
Melee: Short sword       |       |    38 |       |       ||    38
       Flail             |       |    59 |    18 |       ||    77
       Hand axe          |       |    14 |    57 |       ||    71
       Battleaxe         |       |       |    98 |    89 ||   187
 Fire: Hand crossbow     |    90 |    35 |    34 |     6 ||   165
       Hunting sling     |       |       |    28 |       ||    28
Invok: Call Merchant     |       |       |     1 |       ||     1
 Abil: Heal Wounds       |       |    12 |     8 |       ||    20
       Evoke Invisibilit |       |       |     1 |     2 ||     3
Evoke: Wand              |       |    11 |    14 |       ||    25
  Use: Scroll            |     3 |     9 |     6 |       ||    18
       Potion            |     1 |     1 |     6 |       ||     8
 Stab: Sleeping          |       |     1 |       |       ||     1
       Betrayed ally     |       |       |     1 |       ||     1
       Invisible         |       |       |       |     1 ||     1
Armor: Leather armour    |     5 |       |       |       ||     5
       Ring mail         |       |    37 |       |       ||    37
       Scale mail        |       |    22 |    40 |       ||    62
       Chain mail        |       |       |    48 |    27 ||    75
Dodge: Dodged            |    15 |    72 |    99 |    49 ||   235
Block: Other             |       |       |    41 |    21 ||    62
       Reflection        |       |       |     2 |     1 ||     3
